 Dungeon Crawl Stone Soup version 0.28-a0-1435-g82390b3a13 (webtiles) character file.

Game seed: 2531417397246162935

1872 oldriver the Skirmisher (level 8, 0/69 (84) HPs)
             Began as a Troll Chaos Knight on Jan 10, 2022.
             Was a Plaything of Xom.
             Slain by a wight (13 damage)
             ... on level 6 of the Dungeon.
             The game lasted 00:07:43 (4911 turns).

oldriver the Skirmisher (Troll Chaos Knight)        Turns: 4911, Time: 00:07:44

HP:   0/69 (84)     AC:  6    Str: 29    XL:     8   Next: 91%
MP:   7/7           EV: 11    Int: 10    God:    Xom [*.....]
Gold: 92            SH:  0    Dex:  9    Spells: 7/7 levels left

rFire   . . .      SeeInvis .   n - +4 whip (venom)
rCold   . . .      Faith    .   (no shield)
rNeg    . . .      Spirit   .   a - +2 robe
rPois   +          Reflect  .   (helmet restricted)
rElec   .          Harm     .   f - scarf {repulsion}
rCorr   .          Rampage  .   (gloves unavailable)
Will    .....      Clarity  +   (boots unavailable)
Stlth   +.........              (no amulet)
HPRegen 1.01/turn               i - ring of poison resistance
MPRegen 0.10/turn               l - +6 ring of strength

@: about to teleport, studying Axes, heavily drained, repel missiles
A: large, unfitting armour, claws 3, regeneration 1, shaggy fur 1, tough skin 1,
clarity, clever 1
a: Renounce Religion


You were on level 6 of the Dungeon.
You worshipped Xom.
You were a special plaything of Xom.
You visited 1 branch of the dungeon, and saw 6 of its levels.

You collected 213 gold pieces.
You spent 121 gold pieces at shops.

Inventory:

Hand Weapons
 n - a +4 whip of venom (weapon)
Armour
 a - a +2 robe (worn)
 f - a scarf of repulsion (worn)
Jewellery
 i - a ring of poison resistance (left claw)
 l - a +6 ring of strength (right claw)
Wands
 p - a wand of digging (4)
Scrolls
 c - a scroll of amnesia
 d - 2 scrolls of teleportation
 e - 6 scrolls of identify
 j - a scroll of torment {unknown}
Potions
 b - a potion of cancellation {unknown}
 g - a potion of magic {unknown}
 h - 5 potions of might
 k - 3 potions of curing
 m - a potion of degeneration {unknown}
 o - 2 potions of lignification {unknown}
 q - a potion of brilliance {unknown}
 r - a potion of flight {unknown}


   Skills:
 + Level 6.9 Fighting
 + Level 6.7 Dodging
 - Level 5.0 Unarmed Combat


You had 7 spell levels left.
You didn't know any spells.
Your spell library was empty.

Dungeon Overview and Level Annotations

Branches:
Dungeon (6/15)             Temple (0/1) D:4

Altars:
Cheibriados
Dithmenos
Gozag
Sif Muna

Shops:
D:5 **   D:6 [


Innate Abilities, Weirdness & Mutations

You are too large for most types of armour.
You have claws for hands.
Your natural rate of healing is unusually fast.
You are covered in fur. (AC +1)
You have tough skin. (AC +1)
You possess an exceptional clarity of mind.
Your mind is acute. (Int +2)


Message History

You hit the wight.
The wight is almost destroyed.
The wight hits you with a +5 great sword of freezing!
* * * LOW HITPOINT WARNING * * *
You feel drained.
* * * LOW HITPOINT WARNING * * *
The wight freezes you!
* * * LOW HITPOINT WARNING * * *
You swap places.
The wight misses your butterfly.
There is a stone staircase leading up here.
You climb upwards.
There is a stone staircase leading down here.
You start resting.
HP restored.
You climb downwards.
The wight barely misses you.
There is a stone staircase leading up here.
You hit the wight but do no damage.
The wight is heavily damaged.
The wight hits you with a +5 great sword of freezing.
The wight freezes you. The wight hits you with a +0 scimitar.
You feel drained.
You barely miss the wight.
The wight is heavily damaged.
The wight hits you with a +5 great sword of freezing!
The wight freezes you. The wight hits you with a +0 scimitar.
The wight hits you with a +5 great sword of freezing!!
You feel drained.
* * * LOW HITPOINT WARNING * * *
The wight freezes you!
* * * LOW HITPOINT WARNING * * *
Okay, then.
As you read the scroll of teleportation, it crumbles to dust.
You feel strangely unstable. The wight barely misses you.
The wight hits you with a +5 great sword of freezing.
* * * LOW HITPOINT WARNING * * *
The wight freezes you.
* * * LOW HITPOINT WARNING * * *
Unknown command.
You feel better. The wight hits you with a +0 scimitar!
You die...
Xom cackles wildly!

#...8........#
##..8.8......)#
#..8...8......#
#.8..∩..8.....#
#..8...8......#
##...8.8.......######
....[.8...#.........#
........#.##.######.###
........#.##...z@z....#
........>.###########.#
...........)......zz§.#
#######..##############
#.....# #.###.# #.# #.#
#.# #.# #.# #.# ######


You could see 2 wights.

Vanquished Creatures
  Grinder (D:3)
  Sigmund (D:5)
  A water moccasin (D:6)
  A sky beast (D:5)
  2 black bears
  An ogre (D:5)
  A phantom (D:5)
  A bullfrog (D:6)
  A scorpion (D:6)
  3 wights
  A howler monkey (D:6)
  2 hounds (D:4)
  2 jellies
  Crazy Yiuf (D:5)
  A centaur skeleton (D:6)
  An iguana (D:4)
  5 orc wizards
  A hound zombie (D:5)
  A gnoll (D:4)
  7 adders
  An ufetubus (D:4)
  A worm (D:2)
  3 dart slugs
  9 orcs
  12 ball pythons
  5 endoplasms
  4 giant cockroaches
  9 goblins
  11 hobgoblins
  16 jackals
  6 quokkas
  4 bats
  3 frilled lizards
  9 kobolds
  6 rats
134 creatures vanquished.

Vanquished Creatures (collateral kills)
  A phantom (D:5)
  A wight (D:6)
  A hound (D:5)
  An orc priest (D:4)
  An orc wizard (D:4)
  A worm (D:4)
  An orc (D:4)
  2 hobgoblins (D:4)
9 creatures vanquished.

Vanquished Creatures (others)
  A howler monkey (D:6)
  9 plants (D:3)
  4 toadstools (D:1)
14 creatures vanquished.

Grand Total: 157 creatures vanquished

Notes
Turn   | Place    | Note
-------+----------+-------------------------------------------
     0 | D:1      | oldriver the Troll Chaos Knight began the quest for the
                  | Orb.
     0 | D:1      | Reached XP level 1. HP: 22/22 MP: 0/0
   161 | D:1      | Reached XP level 2. HP: 29/29 MP: 1/1
   389 | D:1      | Reached XP level 3. HP: 36/36 MP: 2/2
   540 | D:1      | XOM: silly message
   861 | D:2      | XOM: silly message
   906 | D:2      | Reached XP level 4. HP: 42/45 MP: 3/3
  1073 | D:2      | Found a faded altar of an unknown god.
  1386 | D:2      | XOM: silly message
  1639 | D:3      | Reached XP level 5. HP: 44/53 MP: 4/4
  1658 | D:3      | Noticed Grinder
  1659 | D:3      | XOM: destruction
  1663 | D:3      | Paralysed by Grinder for 2 turns
  1666 | D:3      | Killed Grinder
  1667 | D:3      | Reached XP level 6. HP: 62/62 MP: 5/5
  1808 | D:3      | XOM: 7-stop teleportation journey
  1974 | D:3      | XOM is BORED!
  2237 | D:3      | Found a snail-covered altar of Cheibriados.
  2251 | D:3      | Found a shimmering blue altar of Sif Muna.
  2437 | D:4      | Found a staircase to the Ecumenical Temple.
  2443 | D:4      | Found an opulent altar of Gozag.
  2455 | D:4      | Found a shadowy altar of Dithmenos.
  2473 | D:4      | Reached skill level 5 in Unarmed Combat
  2479 | D:4      | XOM: cloud trail
  2624 | D:4      | XOM: give mutations
  2624 | D:4      | Gained mutation: You possess an exceptional clarity of
                  | mind. [Xom's mischief]
  2624 | D:4      | Gained mutation: Your mind is acute. (Int +2) [Xom's
                  | mischief]
  2792 | D:4      | Reached XP level 7. HP: 36/70 MP: 6/6
  3031 | D:4      | XOM: silly message
  3105 | D:4      | XOM: smoke on damage
  3198 | D:5      | Entered Level 5 of the Dungeon
  3204 | D:5      | XOM: smoke on damage
  3266 | D:5      | Found Noat's General Store.
  3316 | D:5      | Noticed Sigmund
  3321 | D:5      | XOM: chaos upgrade
  3326 | D:5      | Killed Sigmund
  3327 | D:5      | Reached skill level 5 in Fighting
  3438 | D:5      | Reached skill level 5 in Dodging
  3486 | D:5      | Found a runed translucent door.
  3487 | D:5      | Noticed Crazy Yiuf
  3506 | D:5      | Found Gehiomac's Assorted Antiques.
  3526 | D:5      | Bought a metallic cyan potion for 19 gold pieces
  3526 | D:5      | Bought a scroll labelled QEIXZEROMA for 22 gold pieces
  3526 | D:5      | Bought a purple potion for 19 gold pieces
  3526 | D:5      | Bought a scroll labelled OKLAQU ZOEDD for 22 gold pieces
  3526 | D:5      | Bought 2 emerald potions for 39 gold pieces
  3609 | D:5      | XOM: 9-stop teleportation journey
  3766 | D:5      | XOM: enchant monster (good)
  3776 | D:5      | Reached XP level 8. HP: 24/81 MP: 7/7
  4254 | D:5      | Killed Crazy Yiuf
  4307 | D:5      | XOM: divination: detect creatures
  4342 | D:6      | Noticed Eustachio
  4356 | D:6      | Noticed Eustachio
  4356 | D:6      | Eustachio changed into Eustachio the scorpion
  4356 | D:6      | XOM: polymorph Eustachio -> Eustachio the scorpion
  4363 | D:6      | Killed Eustachio the scorpion
  4379 | D:6      | XOM: enchant monster (good)
  4397 | D:6      | XOM: confuse monster(s)
  4422 | D:6      | HP: 4/84 [black bear (3)]
  4603 | D:6      | Found Kifotuen's Armour Shop.
  4768 | D:6      | XOM: summons 2 friendly demons
  4798 | D:6      | XOM: enchant monster (bad)
  4799 | D:6      | XOM: noise
  4807 | D:6      | XOM: smoke on damage
  4814 | D:6      | XOM: polymorph adder -> howler monkey
  4831 | D:6      | XOM: enchant monster (good)
  4832 | D:6      | XOM: butterfly on damage
  4911 | D:6      | Slain by a wight

Illustrated notes

Levels and vault maps discovered:
D:1:      ldierk_walled_garden_2, layout_loops_ring, minmay_tetromino_s2
D:2:      minmay_evil_eye, layout_loops_ring, serial_aquarium,
          aquarium_bridge_long_joined [aquarium_subvault_window,
          aquarium_subvault_bridge, aquarium_subvault_bridge,
          aquarium_subvault_wall, aquarium_subvault_wall,
          aquarium_subvault_wall], aquarium_window_corner, aquarium_window_1,
          aquarium_window_corner, aquarium_view_2e, aquarium_view_2a,
          basic_ecumenical_altar, minmay_box_of_dots
D:3:      layout_basic, mainiacjoe_overflow_big_doors, serial_bayou_pond_c,
          chequers_serial_rivers_large_b, minmay_shallow_snake_nest,
          uniq_grinder
D:4:      layout_gridville, nicolae_dithmenos_shadow_blocks,
          mainiacjoe_overflow_chevrons, minmay_temple_entry_grid,
          minmay_manual_mullet
D:5:      layout_rooms, serial_shops, shop_statue, minivault_19,
          minmay_misc_feat_four_crosses, nicolae_inconvenience_store,
          chequers_serial_rivers_micro_d, minmay_pentangle,
          uniq_crazy_yiuf_cottage, uniq_sigmund
D:6:      layout_basic, serial_shops, nicolae_diamond_shop,
          kennysheep_generic_room_11, uniq_eustachio

Skill      XL: |  1  2  3  4  5  6  7  8 |
---------------+-------------------------+-----
Dodging        | 2 3 4 5 6 |  6.7
Fighting       | 3 4 5 6 |  6.9
Unarmed Combat | 4 5 |  5.0

Action                   |  1- 3 |  4- 6 |  7- 9 || total
-------------------------+-------+-------+-------++-------
Melee: Unarmed           |    96 |   142 |       ||   238
       Punch             |       |     4 |     7 ||    11
       Whip              |       |    30 |   212 ||   242
  Use: Scroll            |       |       |    12 ||    12
       Potion            |       |       |     3 ||     3
 Stab: Sleeping          |     1 |       |     1 ||     2
Armor: Robe              |    40 |    88 |   108 ||   236
Dodge: Dodged            |    48 |   104 |   111 ||   263

Table legend: (Time is in decaauts)
 A = Elapsed time spent in this place.
 B = Non-inter-level travel time spent in this place.
 C = Inter-level travel time spent in this place.
 D = Time resting spent in this place.
 E = Time spent auto-exploring this place.
 F = Levels seen in this place.
 G = Mean time per level.
                   A        B        C        D        E       F      G
               +--------+--------+--------+--------+--------+-----+--------+
         Total |   4974 |   4815 |    159 |    452 |   3266 |   6 |  829.0 |
       Dungeon |   4974 |   4815 |    159 |    452 |   3266 |   6 |  829.0 |
               +--------+--------+--------+--------+--------+-----+--------+

Top non-repeatable levels by time:
     D:5: 1165 daAuts
     D:2: 884 daAuts
     D:3: 831 daAuts
     D:4: 812 daAuts
     D:1: 729 daAuts
     D:6: 551 daAuts
